[Event "XVI Open Internacional Villa de Ibi"]
[Site "Ibi, Spain"]
[Date "2018.09.09"]
[Round "1.1"]
[White "Plaskett, H James"]
[Black "Lopez Shchukina, Diego"]
[Result "1-0"]
[TimeControl "15' + 2'' por jugada"]
[WhiteElo "2450"]
[BlackElo "1832"]

1. d4 d5 2. c4 e6 3. Nc3 Nf6 4. Nf3 Be7 5. Bf4 O-O 6. e3 Ne4 7. Bd3 f5 8. Qc2 c6 9.
h3 a5 10. g4 Na6 11. a3 c5 12. gxf5 Nxc3 13. f6 Ne4 14. fxe7 Qxe7 15. Bxe4 dxe4 16. Qxe4 Bd7 17. d5 Rae8 18.
O-O-O b5 19. Ng5 Rf5 20.
Nxe6 Bxe6 21. dxe6 Qxe6 22. Qxe6+ Rxe6 23. cxb5 Rxf4 24. exf4 Nc7 25. a4 Re4 26. Rd8+ Ne8 27. b6 1-0

[Event "XVI Open Internacional Villa de Ibi"]
[Site "Ibi, Spain"]
[Date "2018.09.09"]
[Round "1.3"]
[White "Cruz Lledo, Pablo"]
[Black "Medina Cordero, Angel"]
[Result "1-0"]
[TimeControl "15' + 2'' por jugada"]
[WhiteElo "2436"]
[BlackElo "1806"]

1. d4 e6 2. c4 f5 3. Nc3 Bb4 4. g3 Nf6 5. Bg2 d5 6.
Nf3 O-O 7. O-O Bxc3 8. bxc3 c6 9. Ba3 Re8 10. Ne5 Nbd7 11. f4 Qc7 12. e3 Ne4 13. Bxe4 dxe4 14.
g4 c5 15. Bxc5 Nxc5 16. dxc5 Rd8 17. Qe2 Bd7 18. Rad1 Ba4 19. Rd4 Qxc5 20. gxf5 exf5 21. Qh5 Qf8 22. Rf2 Qf6 23. Rfd2 g6 24. Qh6 Rxd4 25. cxd4 Qb6 26. Qh3 Bc2 27.
Qf1 Ba4 28. Qc1 Qc7 29. c5 Rd8 30. Qc4+ 1-0

[Event "XVI Open Internacional Villa de Ibi"]
[Site "Ibi, Spain"]
[Date "2018.09.09"]
[Round "1.4"]
[White "Ferrero Sanchis, Enrique"]
[Black "Campos Gambuti, Luis Maria"]
[Result "0-1"]
[TimeControl "15' + 2'' por jugada"]
[WhiteElo "1765"]
[BlackElo "2382"]

1. d4 d5 2. Bf4 Nf6 3. Nf3 e6 4. e3 Bd6 5. Ne5 c5 6. c3 Qc7 7. Nd2 Nc6 8. Ndf3 Nd7 9. Bb5 O-O 10. Nxc6 bxc6 11.
Bxd6 Qxd6 12. Bd3 f5 13. Ng5 h6 14. Nf3 Rb8 15. b3 f4 16.
e4 e5 17. O-O cxd4 18. cxd4 exd4 19. Nxd4 Ne5 20. Nf3 Nxf3+ 21. Qxf3 d4 22. Rfe1 Qe5 23. Bc4+ Kh8 24. Qd3 f3 25.
g3 Bh3 26. Qd2 Rbd8 27. Bd3 h5 28. Rac1 h4 29. Rxc6 Kh7 30. Bf1 Bd7 31. Rc4 Be6 32. Rc2 hxg3 33. hxg3 Rf6 34. Rec1 d3 35. Rc5 Qxe4 36. Qe3 {Bandera}
0-1

[Event "XVI Open Internacional Villa de Ibi"]
[Site "Ibi, Spain"]
[Date "2018.09.09"]
[Round "1.5"]
[White "Granero Roca, Antonio"]
[Black "Domenech Pont, Juan Hermenegil"]
[Result "1-0"]
[TimeControl "15' + 2'' por jugada"]
[WhiteElo "2370"]
[BlackElo "1748"]

1. Nf3 Nf6 2. c4 c6 3. e3 d5 4. Nc3 Bg4 5. h3 Bh5 6.
d4 e6 7.
Qb3 Qb6 8. c5 Qc7 9. Be2 Be7 10. O-O O-O 11. Bd2 Nbd7 12. Qc2 Bg6 13. Bd3 Bxd3 14. Qxd3 e5 15. dxe5 Nxe5 16. Nxe5 Qxe5 17. b4 Rfd8 18. Ne2 Ne4 19. Rac1 Nxd2 20. Qxd2 Bf6 21. Nd4 Qe4 22. Rfd1 Bxd4 23. exd4 Re8 24. Re1 Qh4 25. Re3 Rxe3 26. Qxe3 Qe4 27.
Re1 Qxe3 28. fxe3 Re8 29. Kf2 Re4 30.
a4 f5 31. g3 g5 32. Rd1 h5 33. b5 f4 34.
exf4 gxf4 35. g4 h4 36.
Kf3 Re3+ 37. Kxf4 Rxh3 38. bxc6 bxc6 39. Rb1 Rd3 40.
Ke5 h3 41. Rh1 Kg7 42. Kd6 Rxd4 43. Rxh3 Rxg4 44. Kxc6 Rxa4 45. Kxd5 Ra1 46. c6 Rd1+ 47. Ke6 Re1+ 48. Kd7 Rd1+ 49. Kc8 a5 50. c7 Kf7 51. Rc3 Ke7 52. Kb7 Rb1+ 53.
Ka6 1-0

[Event "XVI Open Internacional Villa de Ibi"]
[Site "Ibi, Spain"]
[Date "2018.09.09"]
[Round "1.6"]
[White "Sanchez Carayol, Ricardo Jose"]
[Black "Diaz Velandia, Jose Manuel"]
[Result "0-1"]
[TimeControl "15' + 2'' por jugada"]
[WhiteElo "1745"]
[BlackElo "2368"]

1. e4 c6 2. d4 d5 3. e5 c5 4. c3 Nc6 5. a3 cxd4 6. cxd4 Qb6 7. Nc3 Qxd4 8. Qxd4 Nxd4 9. Nxd5 Nc2+ 10. Kd1 Nxa1 11. Nc7+ Kd8 12. Nxa8 Bf5 13. Be3 b6 14. Ba6 Be4 15. f3 Bxa8 16. Bc4 e6 17. Kd2 Bd5 18. Bxd5 exd5 19. Kc3 Bc5 20. Bxc5 bxc5 21. b4 c4 22. Ne2 Nb3 23.
Rd1 Ne7 24. Nf4 Kc7 25. Nxd5+ Nxd5+ 26. Rxd5 Rd8 27. Kxc4 Nd2+ 28. Kc5 Rxd5+ 29. Kxd5 Kd7 30. b5 Nf1 31. a4 Ne3+ 32. Kc5 Nxg2 33. a5 Nf4 34. b6 Ne6+ 35. Kd5 axb6 36. axb6 Nd8 37. f4 g6 38. h4 Nb7 39. h5 gxh5 40. f5 h4 41. Ke4 Kc6 42. Kf4 h3 43. Kg3 h2 44. Kxh2 Kxb6 45. e6 fxe6 46. fxe6 Kc6 47. Kg3 Kd6 48. Kg4 Kxe6 49. Kg5 Kf7 50. Kh6 Kg8 51.
Kh5 Kg7 52. Kg5 h6+ 53. Kf5 Nd6+ 54. Kg4 Kg6 55. Kh4 h5 56. Kg3 Kg5 57. Kh3 h4 58. Kg2 Kg4 59. Kg1 Kg3 60. Kh1 Nf5 61. Kg1 Ne3 62. Kh1 Nd1 63. Kg1 h3 0-1

[Event "XVI Open Internacional Villa de Ibi"]
[Site "Ibi, Spain"]
[Date "2018.09.09"]
[Round "1.7"]
[White "Serarols Mabras, Bernat"]
[Black "Sabater Hernandez, Fernando"]
[Result "1-0"]
[TimeControl "15' + 2'' por jugada"]
[WhiteElo "2367"]
[BlackElo "1741"]

1. d4 f5 2. Nc3 Nf6 3.
Bg5 e6 4. e4 h6 5. Bxf6 Qxf6 6. e5 Qg6 7. Nge2 b6 8. Nf4 Qf7 9. h4 Bb7 10. Nb5 Na6 11. h5 Rg8 12. Bc4 c6 13.
Nc3 b5 14. Bd3 Nc7 15. Nce2 a5 16. c3 c5 17. Kf1 c4 18. Bc2 Bc6 19. b3 Be4 20. bxc4 bxc4 21. Ba4 Bc6 22. Ke1 {Bandera} 1-0

[Event "XVI Open Internacional Villa de Ibi"]
[Site "Ibi, Spain"]
[Date "????.??.??"]
[Round "2.1"]
[White "Garcia Amoros, Pablo"]
[Black "Plaskett, H James"]
[Result "0-1"]
[TimeControl "15' + 2'' por jugada"]
[WhiteElo "2097"]
[BlackElo "2450"]

1. e4 d6 2. d4 g6 3. Nc3 Bg7 4. f4 Nc6 5. d5 Nd4 6. Be3 c5 7. dxc6 Nxc6 8. Nf3 Nf6 9. Bd3 O-O 10. h3 a6 11. a4 Nb4 12. O-O Bd7 13.
a5 Rc8 14. Ne2 Bc6 15. Ng3 Nd7 16. Qd2 Nxd3 17. cxd3 Nc5 18. Ra3 f5 19. e5 Ne6 20. d4 Bxf3 21. Rxf3 dxe5 22. dxe5 Qxd2 23. Bxd2 Rc2 24. Bc3 Bh6 25. Ra4 Rd8 26. Rb4 Rd7 27. Rb6 Nxf4 28. Rf2 Rd1+ 29. Nf1 Nxh3+ 30. gxh3 Be3 0-1

[Event "XVI Open Internacional Villa de Ibi"]
[Site "Ibi, Spain"]
[Date "????.??.??"]
[Round "2.2"]
[White "Giaccio, Alfredo"]
[Black "Corbi Marti, Joaquin"]
[Result "1-0"]
[TimeControl "15' + 2'' por jugada"]
[WhiteElo "2442"]
[BlackElo "2063"]

1. e4 c5 2. Nf3 d6 3. Nc3 Nc6 4. d4 cxd4 5. Nxd4 Nf6 6. Nb3 g6 7. Be2 Bg7 8. Be3 O-O 9. O-O Be6 10. f4 Na5 11. f5 Bc4 12. Bd4 Rc8 13. Nxa5 Qxa5 14. Kh1 b5 15. a3 Bxe2 16. Qxe2 b4 17. axb4 Qxb4 18. Ra4 Qb8 19.
b3 Nd7 20. Nd5 Rfe8 21. Rxa7 Bxd4 22. Rxd7 Rc5 23. fxg6 hxg6 24. Nxe7+ Kg7 25. Nc6 Rxc6 26. Rfxf7+ Kg8 27. Qg4 d5 28. Qh3 1-0

[Event "XVI Open Internacional Villa de Ibi"]
[Site "Ibi, Spain"]
[Date "????.??.??"]
[Round "2.3"]
[White "Plaza Pardo, Jorge"]
[Black "Cruz Lledo, Pablo"]
[Result "0-1"]
[TimeControl "15' + 2'' por jugada"]
[WhiteElo "2094"]
[BlackElo "2436"]

1. e4 c6 2. d4 d5 3.
Nc3 dxe4 4. Nxe4 Nf6 5. Ng3 h5 6. h4 Bg4 7. Be2 e6 8. Nf3 Nbd7 9. Qd3 Qc7 10. Ng5 Bf5 11. Nxf5 exf5 12. Qxf5 g6 13. Qf3 Bd6 14. Be3 O-O 15. Bc4 Rae8 16. O-O-O Kg7 17. Rhe1 b5 18. Bb3 a5 19.
Bd2 Rxe1 20. Rxe1 Qb6 21. Bxf7 Rxf7 22. Nxf7 Kxf7 23. Qe3 Nf8 24. f3 Qd8 25. Qb3+ Nd5 26. Bg5 Qc7 27. c4 bxc4 28. Qxc4 Ne6 29. Kb1 Qd7 30. Rc1 Nxg5 31. hxg5 Qf5+ 32. Ka1 Bf4 33. Re1 Qd7 34. Qa6 Qc7 35. Qa8 Bxg5 36. Qh8 Bf6 37. Qe8+ Kg7 38. g4 Nb4 39. Kb1 Qf7 40.
Qxf7+ Kxf7 41. gxh5 gxh5 42. Re4 h4 43. a3 Nd5 {Bandera} 0-1

[Event "XVI Open Internacional Villa de Ibi"]
[Site "Ibi, Spain"]
[Date "????.??.??"]
[Round "2.4"]
[White "Campos Gambuti, Luis Maria"]
[Black "Perez Roses, Antonio"]
[Result "0-1"]
[TimeControl "15' + 2'' por jugada"]
[WhiteElo "2382"]
[BlackElo "2045"]

1. d4 Nf6 2. Nc3 d5 3. Bg5 g6 4. Bxf6 exf6 5. e3 Bg7 6.
Qf3 c6 7. Bd3 f5 8. h3 h5 9. Nge2 Nd7 10. O-O-O Nf6 11. Qf4 Qe7 12. Kb1 Ne4 13. h4 Be6 14. Na4 b6 15. b3 O-O 16. Nb2 b5 17. Bxe4 dxe4 18.
Rc1 a5 19. c3 a4 20. b4 a3 21. Nd1 Bc4 22. Rc2 Bd3 23. Nc1 Bxc2+ 24. Kxc2 Qe6 25. Qg3 Rfc8 26. Re1 Qc4 27. Kd2 Bf8 28. Nb3 Qd3+ 29. Kc1 Ra4 30. f4 Bxb4 31. Re2 Bxc3 32. Nxc3 Rc4 33. Rd2 Rxc3+ 34. Kd1 Qb1+ 35. Ke2 Rc2 36. Qe1 Qxe1+ 37. Kxe1 Rxd2 38. Kxd2 Kf8 39. Kc3 Ke7 40.
Kb4 Ra8 41. Nc5 Kd6 42. Kb3 f6 43.
Nb7+ Kd5 44. Nc5 g5 45. Nd7 Ke6 46. Nc5+ Kd6 47. hxg5 fxg5 48. fxg5 Rg8 49. Kxa3 Rxg5 0-1

[Event "XVI Open Internacional Villa de Ibi"]
[Site "Ibi, Spain"]
[Date "????.??.??"]
[Round "2.6"]
[White "Diaz Velandia, Jose Manuel"]
[Black "Martinez Sanchez, Pedro Jose"]
[Result "1-0"]
[TimeControl "15' + 2'' por jugada"]
[WhiteElo "2368"]
[BlackElo "2030"]

1. d4 Nf6 2. Nf3 e6 3. e3 d5 4. Bd3 c5 5. c3 Nc6 6. Nbd2 Be7 7. O-O O-O 8. dxc5 Bxc5 9. e4 dxe4 10.
Nxe4 Nxe4 11. Bxe4 f5 12.
Bxc6 bxc6 13. Qxd8 Rxd8 14. Bg5 Rd5 15. c4 Rd3 16. Ne5 Rd4 17.
Rfe1 Bb4 18. Re2 Bb7 19. b3 h6 20. Be3 Rdd8 21. Rb1 Bc3 22. Nf3 Kf7 23. Rc1 Bf6 24. Bc5 g5 25. h3 h5 26. Rce1 g4 27. Nh2 e5 28. hxg4 hxg4 29. Nf1 a5 30. Ne3 Kg6 31. f3 g3 32.
Nf1 a4 33. Nxg3 axb3 34. axb3 Rd3 35. Rb1 Ra5 36. b4 Ra4 37. Rc2 e4 38. Ne2 Be5 39. fxe4 fxe4 40. Re1 Bc8 41. Nc1 Bf4 42. Nxd3 exd3 43. Rb2 Bg4 44. Be3 Be5 45.
Rb3 Bf5 46. b5 Rxc4 47. b6 Be4 48.
b7 Rc2 49. b8=Q Bxb8 50. Rxb8 Rxg2+ 51. Kf1 Rh2 52. Bg1 Rh4 53. Rg8+ Kf7 54. Rd8 Rf4+ 55.
Bf2 c5 56. Rxe4 Rxe4 57. Rxd3 Rc4 58. Ke2 Ke6 59. Rd2 Ke5 60. Kd3 Kd5 61. Ra2 Rb4 62. Be1 Rb3+ 63. Bc3 Rb7 64. Rh2 Rd7 65. Rh5+
Kc6+ 66. Kc4 Rd6 67.
Rxc5+ Kb6 68. Rb5+ Kc6 69. Ra5 Kb6 70. Ra1 Rg6 71. Bd4+ Kc6 72. Ra6+ 1-0

[Event "XVI Open Internacional Villa de Ibi"]
[Site "Ibi, Spain"]
[Date "????.??.??"]
[Round "2.7"]
[White "Galvan Cipriani, Viviana"]
[Black "Serarols Mabras, Bernat"]
[Result "0-1"]
[TimeControl "15' + 2'' por jugada"]
[WhiteElo "2039"]
[BlackElo "2367"]

1. c4 e6 2. Nf3 d5 3. b3 c5 4.
e3 d4 5.
exd4 cxd4 6. d3 Nc6 7. g3 h6 8. Bg2 Nf6 9. O-O Bd6 10.
Re1 O-O 11. Ba3 Re8 12. Bxd6 Qxd6 13. Nbd2 e5 14. Qe2 Bf5 15. a3 a5 16. Nh4 Bg4 17. Bf3 Bxf3 18. Qxf3 g6 19. Ra2 Kg7 20. Nb1 Rab8 21. Rc2 Nd7 22. Qe2 Nc5 23.
Rb2 b5 24. Nd2 bxc4 25. Nxc4 Qd5 26. Qd1 f5 27. f3 Re7 28. Qb1 Reb7 29. b4 axb4 30. axb4 Rxb4 31. Rxb4 Rxb4 32. Qc2 Nxd3 33. Qxd3 Qxc4 34. Nxf5+ gxf5 35. Qxf5 Qf7 36.
Qg4+ Kh7 37. Kg2 d3 38. Qc8 Rb2+ 39. Kg1 Rc2 40. Rf1 d2 41. Qa6 Qa7+ 42. Qxa7+ Nxa7 43. Kf2 d1=Q+ 0-1

[Event "XVI Open Internacional Villa de Ibi"]
[Site "Ibi, Spain"]
[Date "2018.09.09"]
[Round "3.1"]
[White "Plaskett, H James"]
[Black "Cano Gimenez, Vicente"]
[Result "1-0"]
[TimeControl "15' + 2'' por jugada"]
[WhiteElo "2450"]
[BlackElo "2288"]

1. Nf3 d5 2. c4 c6 3. d4 Nf6 4. Nc3 a6 5. Bg5 Ne4 6.
Bh4 g6 7. e3 Bg7 8. Qb3 Nxc3 9. bxc3 b5 10. cxd5 cxd5 11. a4 bxa4 12. Qxa4+ Bd7 13. Qa3 Nc6 14. Bb5 Bf6 15.
Bxf6 exf6 16. O-O Ne7 17. Bxa6 O-O 18. Qc5 Bg4 19. Nd2 Rxa6 20. Rxa6 Be2 21. Rd6 Qc8 22. Re1 Bd3 23. Qxc8 Rxc8 24. Rc1 Kg7 25. Rd7 Kf8 26. h3 Ra8 27. Nb3 Bb5 28. Rb7 Bc6 29. Rc7 Ke8 30. Ra1 1-0

[Event "XVI Open Internacional Villa de Ibi"]
[Site "Ibi, Spain"]
[Date "2018.09.09"]
[Round "3.2"]
[White "Arias Igual, Alejandro"]
[Black "Giaccio, Alfredo"]
[Result "1/2-1/2"]
[TimeControl "15' + 2'' por jugada"]
[WhiteElo "2260"]
[BlackElo "2442"]

1. e4 e6 2. d4 d5 3.
exd5 exd5 4. Nf3 Bd6 5. c4 dxc4 6. Bxc4 h6 7. O-O Ne7 8. Ne5 O-O 9. Qf3 Qe8 10. Nc3 Nbc6 11. Be3 Bxe5 12. dxe5 Nxe5 13. Qe4 Nxc4 14. Qxc4 c6 15. Rfe1 Be6 16. Qb4 Qd7 17. Rad1 Nd5 18. Nxd5 Bxd5 19. a3 Rfe8 20. Bd2 b6 21. Bc3 Qf5 22. Qh4 f6 23.
Qg3 Kh7 24. h3 h5 25. Rxe8 Rxe8 26. Re1 Rxe1+ 27. Bxe1 Qb1 28. Qc3 Qe4 29. f3 Qe6 30. Kf2 Qf5 31. Qe3 Bf7 32. Bc3 Bg6 33. Bd2 c5 34. Bc3 Qd5 35. Qd2 Qc4 36.
Qe2 Qb3 37. Qe7 Qc2+ 38. Qe2 Qf5 39. Qe7 a5 40. Qd6 Qc2+ 41. Kg3 Qb3 42. Qe7 Bf7 43. Qe4+ Kg8 44. Qa8+ Kh7 45. Qe4+ Bg6 46. Qe7 Qf7 47. Qxf7 Bxf7 48. h4 Bc4 49. Kf4 Kg6 50. g4 Kf7 51. g5 fxg5+ 52. Kxg5 g6 53. Kf4 Ke6 54. Ke4 Bb3 55. Bg7 Bc2+ 56. Ke3 b5 57. Bf8 Kd5 58. Be7 b4 59. axb4 cxb4 60. Bf8 Kc4 61. Kd2 Bf5 62. f4 Kd4 63. Be7 Ke4 64. Bg5 Kd4 65. Bf6+ Kc4 66. Be7 Kb3 67. Kc1 a4 68. Bd6 a3 69. bxa3 bxa3 70. Be5 Kc4 71. Kd2 Kd5 72. Ke3 Be6 73. Kf3 Kc4 74. Ke3 Bd7 75. Bf6 Bf5 76. Be5 Bh3 77. Bf6 Bc8 78. Bg7 Kd5 79. Bh8 Bd7 80. Bg7 Bb5 81. Bh8 Ke6 82. Ba1 Kf5 83. Bd4 Kg4 84. Bf6 a2 1/2-1/2

[Event "XVI Open Internacional Villa de Ibi"]
[Site "Ibi, Spain"]
[Date "2018.09.09"]
[Round "3.3"]
[White "Cruz Lledo, Pablo"]
[Black "Garcia, Jhoel"]
[Result "0-1"]
[TimeControl "15' + 2'' por jugada"]
[WhiteElo "2436"]
[BlackElo "2250"]

1. d4 Nf6 2. c4 g6 3. Nc3 Bg7 4. e4 d6 5. Nge2 O-O 6. f3 Nc6 7. Be3 a6 8. Qd2 e5 9. d5 Na5 10. Nc1 c5 11. Nb3 Nxb3 12. axb3 Nh5 13. g3 f5 14. Be2 Nf6 15. O-O fxe4 16. fxe4 Bh3 17. Rf2 Qc7 18. Bg5 Qb6 19. Qe3 Ng4 20. Bxg4 Bxg4 21. Na4 Qc7 22. Raf1 Rxf2 23. Rxf2 b5 24. Nc3 Rb8 25.
Bh6 Qe7 26. Bg5 Qd7 27. Bh6 Qe7 28. Bg5 Qe8 29. Bh6 Bd7 30. Bxg7 Kxg7 31. cxb5 axb5 32. Rf1 b4 33. Nb1 Bh3 34. Re1 Qe7 35. Nd2 Rf8 36. Ra1 h6 37. Nc4 Rf7 38. Qe2 Qf6 39. Ne3 Qg5 40. Nc4 Qf6 41. Ne3 h5 42. Ng2 Qf3 43. Re1 Bxg2 44. Qxg2 Qxb3 45. Qe2 c4 46. Rc1 c3 47. bxc3 bxc3 48. Rc2 Qb6+ 49. Kg2 Qd4 50. h4 Rb7 51. Kh3 Rb2 52. Rxb2 cxb2 53. Qc2 Qb6 54. Qb1 Qf2 55. Qd3 Qg1 56. Qf3 b1=Q 57. g4 hxg4+ 58. Qxg4 Qd3+ 0-1

[Event "XVI Open Internacional Villa de Ibi"]
[Site "Ibi, Spain"]
[Date "2018.09.09"]
[Round "3.4"]
[White "Granero Roca, Antonio"]
[Black "Nicolas Zapata, Javier"]
[Result "1-0"]
[TimeControl "15' + 2'' por jugada"]
[WhiteElo "2370"]
[BlackElo "2181"]

1. d4 Nf6 2. c4 g6 3.
Nc3 Bg7 4. e4 d6 5. h3 O-O 6.
Nf3 Na6 7. Be3 e5 8. d5 Nc5 9. Nd2 a5 10. Be2 Ne8 11.
g4 f5 12. gxf5 gxf5 13. Rg1 f4 14.
Bxc5 dxc5 15. Bg4 Ra6 16. Bxc8 Qxc8 17. Qg4 Qxg4 18. hxg4 f3 19.
Rg3 Raf6 20. O-O-O Nd6 21. Kc2 Rg6 22. Rdg1 Rf4 23. Kd3 h6 24. Nd1 Bf8 25. Ne3 Be7 26. Nf5 Bg5 27. Rxf3 Kf7 28.
Rxf4 Bxf4 29. Nf3 Nxf5 30. exf5 Rb6 31. b3 a4 32. Rb1 Ra6 33. b4 Rb6 34. b5 Rd6 35. Ke4 Kf6 36.
Ne1 Rd8 37. Nd3 Kg5 38. f3 a3 39. Nxc5 Ra8 40. Ne6+ Kh4 41.
Nxc7 Ra4 42. d6 Rxc4+ 43. Kd5 Rc2 44. Rd1 Rxa2 45. d7 Bg5 46. Ne6 Rb2 1-0

[Event "XVI Open Internacional Villa de Ibi"]
[Site "Ibi, Spain"]
[Date "2018.09.09"]
[Round "3.5"]
[White "Serarols Mabras, Bernat"]
[Black "Martinez Tormo, Jorge"]
[Result "1-0"]
[TimeControl "15' + 2'' por jugada"]
[WhiteElo "2367"]
[BlackElo "2157"]

1. d4 d5 2. c4 e6 3. Nf3 f5 4. e3 Nf6 5. b3 c6 6. Bd3 Bd6 7. O-O O-O 8.
Ba3 Bxa3 9. Nxa3 b6 10. Ne5 Bb7 11. Rc1 Nfd7 12. Nf3 a5 13. cxd5 exd5 14. Nc2 Na6 15.
Be2 Nb4 16. a3 Na2 17. Nce1 Nxc1 18. Qxc1 Qf6 19. Nd3 Ba6 20. Qd2 Qd6 21.
Qb2 Bxd3 22. Bxd3 Rae8 23. Rc1 h6 24. b4 axb4 25. axb4 g6 26. Qc3 Rf6 27.
Ra1 f4 28. exf4 Rxf4 29. Ra7 Re7 30. h3 Rf6 31. Ra8+ Rf8 32. Ra7 Kg7 33. b5 cxb5 34. Bxb5 Nf6 35. Rxe7+ Qxe7 36. Ne5 Ne4 37.
Qc6 Rf6 38. Qxd5 Nxf2 39. Bc4 Rf8 40. Qc6 Qf6 41. Qd7+ Kh8 42. Nf7+ Rxf7 43. Bxf7 h5 44. Qe8+ Kh7 45. Qf8 Qg7 46. Qe8 Nd3 47. Bc4 Qxd4+ 48. Kh1 Qxc4 49. Qe7+ Kh6 50. Qf8+ Kh7 51. Qe7+ Kh6 52. Qf8+ Kg5 53. Qe7+ Kf4 54. Qf6+ Ke3 55. Qxb6+ Kd2 56. Qxg6 Qf4 57. Qxh5 Qf1+ 58. Kh2 Nf2 59. Qd5+ Nd3 60. Qg5+ Kc2 61. h4 Nf2 {Bandera} 1-0

[Event "XVI Open Internacional Villa de Ibi"]
[Site "Ibi, Spain"]
[Date "2018.09.09"]
[Round "3.6"]
[White "Bendayan Claros, Aaron"]
[Black "Diaz Velandia, Jose Manuel"]
[Result "0-1"]
[TimeControl "15' + 2'' por jugada"]
[WhiteElo "2171"]
[BlackElo "2368"]

1. d4 f5 2. Bg5 c6 3. e3 Qb6 4. b3 g6 5.
Bd3 Bg7 6. Nd2 Nf6 7. h4 d6 8. h5 Nxh5 9. Rxh5 gxh5 10. Qxh5+ Kf8 11.
Bh6 Bxh6 12. Qxh6+ Ke8 13. Ngf3 Nd7 14. Qh5+ Kd8 15. Ng5 Nf6 16. Nf7+ Kc7 17. Qh6 Rg8 18. Nxd6 exd6 19. Qxf6 Bd7 20. Kf1 Raf8 21. Qh6 Qa5 22. Qxd6+ Kxd6 23. Nc4+ Kc7 24. Nxa5 f4 25. exf4 Rxf4 26. Nc4 Rxd4 27. Re1 Rg7 28.
Re3 Rh4 29. f3 Rh1+ 30. Kf2 Rh2 31. f4 Rhxg2+ 32. Kf3 R2g3+ 33. Kf2 Rxe3 34. Nxe3 h5 35. f5 Kd6 36. Kf3 Ke5 37. Nc4+ Kf6 38. Nd6 b6 39.
a4 Ke5 40. Nc4+ Kf6 41. Nd6 c5 42. c4 Bc6+ 43. Kf2 h4 44. Ne4+ Bxe4 45. Bxe4 h3 46. Kf3 {Bandera} 0-1

[Event "XVI Open Internacional Villa de Ibi"]
[Site "Ibi, Spain"]
[Date "2018.09.09"]
[Round "3.7"]
[White "Chernikov, Vladimir"]
[Black "Camarena Gimenez, Rufino"]
[Result "0-1"]
[TimeControl "15' + 2'' por jugada"]
[WhiteElo "2158"]
[BlackElo "2339"]

1. b3 e5 2. Bb2 d6 3. e3 Nf6 4. d4 Nbd7 5. c4 g6 6. Nf3 Bg7 7. dxe5 Ng4 8. Qd2 Ngxe5 9. Nxe5 Bxe5 10. Nc3 O-O 11.
Be2 Nc5 12. h4 a5 13. h5 a4 14.
b4 a3 15. bxc5 axb2 16. Rd1 Ra3 17. Nb1 Rxa2 18. hxg6 hxg6 19. f4 Bg7 20. cxd6 cxd6 21. Qxd6 Qxd6 22. Rxd6 Ra1 23. Kd2 Bf5 24. Bd3 Bxd3 25. Rxd3 Rc8 26. Rb3 Rxc4 27. Rxb7 Ra8 28. Kd3 Rc1 0-1

[Event "XVI Open Internacional Villa de Ibi"]
[Site "Ibi, Spain"]
[Date "2018.09.09"]
[Round "4.1"]
[White "Camarena Gimenez, Rufino"]
[Black "Plaskett, H James"]
[Result "0-1"]
[TimeControl "15' + 2'' por jugada"]
[WhiteElo "2339"]
[BlackElo "2450"]

1. d4 Nf6 2. c4 e6 3. Nf3 c5 4.
d5 exd5 5. cxd5 d6 6. Nc3 a6 7. a4 g6 8. Bf4 Qe7 9. h3 Bg7 10. e3 O-O 11. Be2 Nbd7 12. O-O Rb8 13. Nd2 Ne5 14. a5 Nfd7 15. e4 b5 16. axb6 Rxb6 17. Qc2 f5 18. exf5 Rxf5 19. Bg3 Rf8 20. Rae1 Qd8 21. f4 Nf7 22.
Nc4 Rb4 23. f5 gxf5 24. Nxd6 f4 25. Nxf7 Rxf7 26. Bf2 Qb6 27. Bh5 Rf8 28. Na4 Qb5 29. Re4 Rxe4 30. Qxe4 Nf6 31. Qxf4 Nxh5 32. Qh4 Nf4 33. Nxc5 Nxd5 34. Re1 Qxb2 35. Nd3 Qc3 36. Qe4 Nf6 37. Qf3 Rd8 38. Rc1 Qb3 39. Ne5 Qxf3 40. Nxf3 Bb7 41. Ne5 Ne4 42. Rc7 Bxe5 0-1

[Event "XVI Open Internacional Villa de Ibi"]
[Site "Ibi, Spain"]
[Date "2018.09.09"]
[Round "4.2"]
[White "Ibanez Aullana, Ramon"]
[Black "Granero Roca, Antonio"]
[Result "0-1"]
[TimeControl "15' + 2'' por jugada"]
[WhiteElo "2301"]
[BlackElo "2370"]

1. e4 c5 2. Nf3 Nc6 3. Bb5 e6 4. O-O Nge7 5. c3 a6 6. Ba4 b5 7. Bc2 d6 8. d4 e5 9. a4 Bb7 10. Be3 Ng6 11. axb5 axb5 12. Rxa8 Qxa8 13. Na3 Ba6 14. b4 Be7 15. d5 Nb8 16. Qa1 Qb7 17. bxc5 dxc5 18. Rb1 b4 19. cxb4 cxb4 20. Ba4+ Nd7 21. Nxe5 Ngxe5 22. Qxe5 Kf8 23. d6 Nxe5 0-1

[Event "XVI Open Internacional Villa de Ibi"]
[Site "Ibi, Spain"]
[Date "2018.09.09"]
[Round "4.3"]
[White "Diaz Velandia, Jose Manuel"]
[Black "Sos Andreu, Eric"]
[Result "0-1"]
[TimeControl "15' + 2'' por jugada"]
[WhiteElo "2368"]
[BlackElo "2332"]

1. d4 Nf6 2. c4 g6 3. Nc3 d5 4. cxd5 Nxd5 5. e4 Nxc3 6. bxc3 Bg7 7. Ba3 O-O 8. Nf3 b6 9. Qc2 c5 10. dxc5 Qc7 11. Bc4 Nd7 12. O-O Nxc5 13.
Bd5 Ba6 14. Bxc5 Qxc5 15. Bxa8 Bxf1 16. Rxf1 Rxa8 17. e5 e6 18. Rd1 Rc8 19. h3 Bxe5 20. Nxe5 Qxe5 21. c4 b5 22. c5 Rxc5 23. Qb3 Kg7 24. Qa3 Rc7 25. Qa6 b4 26. Rb1 Qc5 27. Rb3 Qc1+ 28. Kh2 Qf4+ 29. Rg3 Qxf2 30.
Rf3 Qc5 31. Qd3 Qe5+ 32. Rg3 Rc3 33. Kg1 0-1

[Event "XVI Open Internacional Villa de Ibi"]
[Site "Ibi, Spain"]
[Date "2018.09.09"]
[Round "4.4"]
[White "Garcia, Jhoel"]
[Black "Serarols Mabras, Bernat"]
[Result "0-1"]
[TimeControl "15' + 2'' por jugada"]
[WhiteElo "2250"]
[BlackElo "2367"]

1. e4 c6 2. d4 d5 3. exd5 cxd5 4. c3 Nc6 5. Bd3 Qc7 6. Ne2 Bg4 7. f3 Bd7 8. Qb3 Nf6 9. Bf4 e5 10. Bg5 Be7 11. Na3 Na5 12. Qc2 a6 13. dxe5 Qxe5 14. Bf4 Qe6 15. O-O O-O 16. b4 Qb6+ 17. Kh1 Nc6 18. Rab1 Rac8 19. Qd2 Be6 20. Nc2 Rfd8 21. a4 Bd6 22. Bg5 Be7 23. Ned4 Ne5 24. Nxe6 fxe6 25. Nd4 Nxd3 26. Qxd3 e5 27. Nf5 Bf8 28. Rbe1 Qc7 29. Rc1 Qc6 30. Qe3 Re8 31.
a5 Qe6 32. Ng3 Rc4 33. Rfe1 Rec8 34. h3 Bd6 35. Qd2 Qf7 36. Nf5 Bb8 37. Ne3 R4c6 38. Bxf6 gxf6 39. Qxd5 Rxc3 40. Rxc3 Rxc3 41.
Qd8+ Qf8 42. Qd7 Rc7 43. Qe6+ Qf7 44. Qg4+ Qg7 45. Nd5 Qxg4 46. Nxf6+ Kf7 47. Nxg4 Re7 48. Rd1 Ke6 49. Nf2 Bd6 50. Nd3 Rc7 51. Re1 Rc4 52.
f4 e4 53. Nf2 Kd5 54. Rd1+ Rd4 55. Rxd4+ Kxd4 56. f5 Bxb4 57. Ng4 Bxa5 58. Kg1 Bb4 59. f6 a5 {Bandera} 0-1

[Event "XVI Open Internacional Villa de Ibi"]
[Site "Ibi, Spain"]
[Date "2018.09.09"]
[Round "4.5"]
[White "Giaccio, Alfredo"]
[Black "Torres Sanchez, Jose"]
[Result "1-0"]
[TimeControl "15' + 2'' por jugada"]
[WhiteElo "2442"]
[BlackElo "2290"]

1. e4 c5 2. Nf3 e6 3. d4 cxd4 4. Nxd4 Nc6 5. Nc3 Qc7 6. Nb3 Nf6 7. f4 d6 8. Bd3 a6 9. Qe2 Be7 10. Be3 b5 11. a4 b4 12.
Nb1 O-O 13. N1d2 e5 14. f5 d5 15. O-O Bb7 16.
Kh1 Na5 17. Nxa5 Qxa5 18. Bg5 Rfe8 19. Bxf6 Bxf6 20. exd5 e4 21.
Nxe4 Qxd5 22. Nxf6+ gxf6 23.
Qd2 Re3 24. Rf2 Rae8 25. Qxb4 Kh8 26.
Rg1 Rg8 27. Qb6 Re1 28. Qxf6+ Rg7 29. Rxe1 1-0

[Event "XVI Open Internacional Villa de Ibi"]
[Site "Ibi, Spain"]
[Date "2018.09.09"]
[Round "4.6"]
[White "Hassomal Daswani, Birjkumar"]
[Black "Arias Igual, Alejandro"]
[Result "0-1"]
[TimeControl "15' + 2'' por jugada"]
[WhiteElo "1983"]
[BlackElo "2260"]

1. e4 c5 2. Nc3 g6 3. f4 Nc6 4. Nf3 Bg7 5. Bb5 Nd4 6. O-O Nxb5 7. Nxb5 d5 8. exd5 a6 9. Nc3 Nf6 10. d3 O-O 11. Re1 Nxd5 12. Nxd5 Qxd5 13. Rxe7 Be6 14. Ng5 Bf6 15. Rxe6 fxe6 16. Ne4 Bd4+ 17. Kh1 Rad8 18. Bd2 Bxb2 19. Rb1 Bg7 20. Qg4 b5 21. Ng5 Qf5 22. Qh4 h6 23. Nf3 Qf6 24. Qg3 Rd5 25. Re1 c4 26. Bb4 Rf7 27. Ne5 Rxe5 28.
Rxe5 Qxe5 0-1

[Event "XVI Open Internacional Villa de Ibi"]
[Site "Ibi, Spain"]
[Date "2018.09.09"]
[Round "4.7"]
[White "Kovacevic, Slobodan"]
[Black "Cruz Lledo, Pablo"]
[Result "0-1"]
[TimeControl "15' + 2'' por jugada"]
[WhiteElo "2252"]
[BlackElo "2436"]

1. d4 Nf6 2. Nf3 e6 3. Bf4 b6 4. Nbd2 Bb7 5. e3 d5 6. Bd3 Bd6 7. c3 Ne4 8. Bxe4 dxe4 9. Ng5 Bxf4 10. exf4 Qf6 11. Qg4 Qf5 12. Qg3 h6 13.
Nh3 O-O 14. O-O Nd7 15. Rfe1 Nf6 16. Qe3 Rad8 17. f3 exf3 18. Nxf3 c5 19. dxc5 Bxf3 20. Qxf3 Qxc5+ 21. Qf2 Rd2 22.
Qxc5 bxc5 23. Rab1 Rb8 24. Re5 Nd7 25. Re4 Rbxb2 26. Rxb2 Rxb2 27. Ra4 Nf6 28. Rxa7 Ne4 29. Kf1 Nxc3 30. a4 Nd5 31. a5 Ne3+ 32. Ke1 Nxg2+ 33. Kd1 Ne3+ 34. Kc1 Rxh2 35. Ng1 Rh1 36. Kd2 Nc4+ 37. Kc3 Nxa5 38. Ne2 Nc6 39. Rc7 Nd4 40. Nxd4 cxd4+ 41. Kxd4 Re1 42. Rc8+ Kh7 43. Rc7 Kg6 0-1